 Dungeon Crawl Stone Soup version 0.14.1-24-gbdbe590 (webtiles) character file.

3791 Psiweapon the Conjurer (level 10, -2/52 HPs)
             Began as a Tengu Conjurer on June 26, 2014.
             Was a Believer of Vehumet.
             Slain by a giant slug (11 damage)
             ... on Level 8 of the Dungeon.
             The game lasted 00:53:27 (9858 turns).

Psiweapon the Conjurer (Tengu Conjurer)             Turns: 9858, Time: 00:53:27

HP  -2/52        AC  8     Str  9      XL: 10   Next:  6%
MP   6/26        EV 13     Int 22      God: Vehumet [**....]
Gold 339         SH 14     Dex 16      Spells:  4 memorised, 11 levels left

rFire  . . .     SeeInvis .     o - +0,+1 dagger (protect)
rCold  . . .     Clarity  .     H - +0 leather armour
rNeg   . . .     Conserve .     d - +2 buckler
rPois  .         rCorr    .     (helmet restricted)
rElec  .         rRot     .     (no cloak)
SustAb . .       Spirit   .     (no gloves)
rMut   .         Warding  .     (boots unavailable)
Saprov . . .     Stasis   .     (no amulet)
MR     .....                    (no ring)
                                (no ring)

@: brilliant, lethally poisoned, not resistant to hostile enchantments, fairly
stealthy
A: able to fly, beak, talons 3, mutation resistance 1
a: Fly, Renounce Religion


You were on level 8 of the Dungeon.
You worshipped Vehumet.
Vehumet was pleased with you.
You were not hungry.

You visited 1 branch of the dungeon, and saw 8 of its levels.

You collected 435 gold pieces.
You spent 96 gold pieces at shops.

Inventory:

Hand weapons
 m - a +1,+2 dagger of venom
 o - a +0,+1 dagger of protection (weapon)
 y - a +1,+3 bow
 D - a +0,+0 falchion
Missiles
 e - 2 darts (quivered)
 g - 4 needles of confusion
 s - 18 poisoned needles
 J - 28 arrows
 K - 8 tomahawks
 L - 17 arrows of dispersal
 S - 8 tomahawks of returning
Armour
 d - a +2 buckler (worn)
 H - a +0 leather armour (worn)
Magical devices
 f - a wand of teleportation (6) {unknown}
 F - a wand of confusion (10)
 I - a wand of fire (5)
 M - a wand of lightning (8) {unknown}
Comestibles
 a - a rotting chunk of rat flesh
 b - 5 bread rations
 i - 10 strawberries
 j - 2 rotting chunks of quokka flesh
 r - a pear
 v - 3 meat rations
 x - a rotting chunk of worker ant flesh
Scrolls
 p - 3 scrolls of magic mapping {unknown}
 q - a scroll of amnesia
 w - 2 scrolls of teleportation
 A - 2 scrolls of noise {unknown}
 B - 4 scrolls of enchant weapon II {unknown}
 C - a scroll of remove curse
 N - 2 scrolls of fear {unknown}
 Q - a scroll of immolation
 R - a scroll of blinking
Jewellery
 l - an uncursed ring of fire
 E - an uncursed ring of ice
Potions
 k - a potion of restore abilities {unknown}
 n - 2 potions of heal wounds
 t - a potion of might
 u - a potion of lignification
 z - 4 potions of curing {unknown}
 G - a potion of paralysis
 O - a potion of magic {unknown}
 T - a potion of beneficial mutation {unknown}
Books
 c - a book of Conjurations

   Spells                             Type                      Level
   *Magic Dart                        Conjuration                  1
   *Searing Ray                       Conjuration                  2
   Dazzling Spray                     Conjuration/Hexes            3
   Fulminant Prism                    Conjuration/Hexes            4
   *Iskenderun's Mystic Blast         Conjuration                  4
   *Iskenderun's Battlesphere         Conjuration/Charms           5


   Skills:
 - Level 1.0 Fighting
 - Level 0.7 Short Blades
 - Level 3.0 Bows
 - Level 3.8 Armour
 - Level 4.2 Dodging
 - Level 3.0 Stealth
 + Level 5.6 Shields
 - Level 7.1 Spellcasting
 - Level 8.3 Conjurations
 - Level 5.1 Charms
 - Level 0.2 Evocations


You had 11 spell levels left.
You knew the following spells:

 Your Spells              Type           Power        Failure   Level  Hunger
a - Magic Dart            Conj           ####         1%          1    None
b - Searing Ray           Conj           ######       1%          2    None
c - Iskenderun's Mystic   Conj           ######..     1%          4    ###....
d - Iskenderun's Battles  Conj/Chrm      ######..     1%          5    ####...


Dungeon Overview and Level Annotations

Branches:
Dungeon (8/15)             Temple (0/1) D:6            Lair (0/8) D:8

Altars:
Fedhas
Okawaru
Vehumet
Yredelemnul

Shops:
D:4 ?   D:5 (


Innate Abilities, Weirdness & Mutations

You can fly.
You have a beak for a mouth.
You have claws for feet.
You are somewhat resistant to further mutation.


Message History

The giant slug is severely wounded.
Casting: Magic Dart
Confirm with . or Enter, or press ? or * to list all spells.
Aiming: Magic Dart
Press: ? - help, Shift-Dir - straight line, f/p - giant slug
Aim: a giant slug (severely wounded)
The magic dart hits the giant slug.
The giant slug is severely wounded.
Casting: Magic Dart
Confirm with . or Enter, or press ? or * to list all spells.
Aiming: Searing Ray
Press: ? - help, Shift-Dir - straight line, f/p - giant slug
Aim: a giant slug (severely wounded)
The searing ray hits the giant slug.
The giant slug is almost dead.
You feel sick.
The searing ray hits the giant slug.
The giant slug is almost dead.
The giant slug bites you!
You die...

#...<....#
#%#
#........#
#%#
.........#
#%#
.........#
#.#
#........#
#.#
#.###....#
#.# #.# #####
#.# #.# #j#
#.# #@# #.#
#.# ..# #.#
..########.
####.##
...........
#.....#
###########
#.....# ###
#.....# ..#
#######.....#
..#
#...........#


You could see a giant slug.

Vanquished Creatures
  The ghost of Psiweapon the Ruffian, an average VSMo of Elyvilon (D:4)
  3 porcupines (D:8)
  3 ice beasts
  An orc warrior (D:7)
  2 ogres
  2 phantoms
  A centaur (D:5)
  4 giant frogs
  A gnoll sergeant (D:7)
  A giant slug (D:8)
  A wyvern zombie (D:6)
  3 jellies
  3 scorpions
  A yak skeleton (D:8)
  6 killer bees (D:8)
  4 crimson imps
  3 goliath beetles
  2 orc priests
  A hound (D:7)
  9 orc wizards
  A centaur skeleton (D:5)
  3 iguanas
  5 worker ants
  A sky beast zombie (D:7)
  A hound skeleton (D:6)
  10 adders
  6 gnolls
  A green rat (D:8)
  2 shadow imps
  2 giant mites
  2 worms (D:3)
  An iguana skeleton (D:4)
  A giant eyeball (D:6)
  An orc skeleton (D:7)
  5 giant geckos
  16 orcs
  A ball python (D:2)
  5 giant cockroaches
  9 hobgoblins
  5 quokkas
  10 bats
  6 giant newts
  A giant spore (D:6)
  11 goblins
  A goblin skeleton (D:4)
  7 jackals
  11 kobolds
  A kobold skeleton (D:4)
  A quokka skeleton (D:7)
  13 rats
  2 rat skeletons (D:5)
  2 ballistomycetes (D:6)
196 creatures vanquished.

Vanquished Creatures (others)
  A phantom (D:6)
1 creature vanquished.

Grand Total: 197 creatures vanquished

Notes
Turn   | Place    | Note
--------------------------------------------------------------
     0 | D:1      | Psiweapon, the Tengu Conjurer, began the quest for the Orb.
     0 | D:1      | Reached XP level 1. HP: 10/10 MP: 3/3
   199 | D:1      | Reached XP level 2. HP: 15/15 MP: 3/5
   247 | D:1      | Learned a level 2 spell: Searing Ray
   661 | D:1      | Reached skill level 6 in Conjurations
   702 | D:2      | Reached XP level 3. HP: 19/19 MP: 1/7
  1682 | D:2      | Reached XP level 4. HP: 24/24 MP: 9/9
  1708 | D:2      | Learned a level 4 spell: Iskenderun's Mystic Blast
  2121 | D:3      | Reached skill level 7 in Conjurations
  2131 | D:3      | Reached XP level 5. HP: 26/28 MP: 0/11
  2419 | D:3      | Reached skill level 1 in Armour
  2794 | D:4      | Noticed a phantom
  2812 | D:4      | Killed a phantom
  2812 | D:4      | Reached XP level 6. HP: 2/32 MP: 8/15
  3733 | D:4      | Noticed an ogre
  3752 | D:4      | Killed an ogre
  3752 | D:4      | Reached XP level 7. HP: 23/37 MP: 14/17
  3805 | D:4      | Noticed Psiweapon's ghost (average VSMo)
  3852 | D:4      | Killed Psiweapon's ghost
  3852 | D:4      | Reached skill level 8 in Conjurations
  3876 | D:4      | Found Gothaov's Magic Scroll Shop.
  3885 | D:4      | Bought a scroll of remove curse for 36 gold pieces
  3885 | D:4      | Bought a scroll of identify for 24 gold pieces
  3885 | D:4      | Bought a scroll of teleportation for 36 gold pieces
  4159 | D:4      | Found a radiant altar of Vehumet.
  4173 | D:4      | Became a worshipper of Vehumet
  4397 | D:4      | Learned a level 5 spell: Iskenderun's Battlesphere
  4502 | D:4      | Reached skill level 1 in Fighting
  4853 | D:4      | Reached XP level 8. HP: 43/43 MP: 20/20
  5002 | D:5      | Entered Level 5 of the Dungeon
  5065 | D:5      | Reached skill level 1 in Charms
  5482 | D:5      | Found Feeppatene's Antique Weapon Boutique.
  5909 | D:5      | Reached skill level 5 in Spellcasting
  6570 | D:6      | Reached skill level 1 in Bows
  7216 | D:6      | Found a staircase to the Ecumenical Temple.
  7385 | D:6      | Acquired Vehumet's first power
  7385 | D:6      | Offered knowledge of Sting by Vehumet.
  7394 | D:6      | Reached XP level 9. HP: 32/47 MP: 5/23
  7588 | D:6      | Paralysed by a giant eyeball for 4 turns
  8630 | D:7      | Found an iron altar of Okawaru.
  8963 | D:7      | Found a basalt altar of Yredelemnul.
  9082 | D:7      | Reached skill level 1 in Shields
  9082 | D:7      | Reached skill level 5 in Charms
  9092 | D:7      | Offered knowledge of Freeze by Vehumet.
  9308 | D:8      | Found a blossoming altar of Fedhas.
  9654 | D:8      | Gained mutation: You are somewhat resistant to further mutation. [potion of mutation]
  9814 | D:8      | Found a staircase to the Lair.
  9836 | D:8      | Reached XP level 10. HP: 29/52 MP: 12/26
  9837 | D:8      | Reached skill level 5 in Shields
  9858 | D:8      | Slain by a giant slug

Action                   |  1- 3 |  4- 6 |  7- 9 | 10-12 || total
-------------------------+-------+-------+-------+-------++-------
Melee: Club              |     5 |       |       |       ||     5
       Dagger            |    28 |    41 |   122 |     3 ||   194
 Fire: Bow               |       |       |    14 |       ||    14
 Cast: Magic Dart        |    31 |    44 |    74 |     3 ||   152
       Searing Ray       |     2 |    13 |    53 |     3 ||    71
       Iskenderun's Myst |       |     3 |    23 |       ||    26
       Iskenderun's Batt |       |       |     3 |       ||     3
Evoke: Wand              |       |       |     2 |     2 ||     4
  Use: Potion            |       |     1 |     3 |       ||     4
       Scroll            |       |       |    10 |       ||    10
 Stab: Sleeping          |     1 |     1 |     9 |       ||    11
       Confused          |       |       |     1 |       ||     1
